 Dungeon Crawl Stone Soup version 0.29-a0-577-gafbf2c5d25 (webtiles) character file.

Game seed: 11356134041011272983

11 DocClef the Sneak (level 2, 0/26 HPs)
             Began as a Draconian Delver on June 13, 2022.
             Slain by an orc
             ... wielding a +0 whip
              (2 damage)
             ... on level 5 of the Dungeon.
             The game lasted 00:00:23 (651 turns).

DocClef the Sneak (Draconian Delver)                 Turns: 651, Time: 00:00:24

Health: 0/26       AC:  4    Str: 14    XL:     2   Next: 17%
Magic:  2/2        EV: 12    Int: 10    God:
Gold:   12         SH:  0    Dex: 12    Spells: 1/1 levels left

rFire   . . .      SeeInvis .   a - +0 short sword
rCold   . . .      Faith    .   (no shield)
rNeg    . . .      Spirit   .   (body armour unavailable)
rPois   .          Reflect  .   (helmet restricted)
rElec   .          Harm     .   (no cloak)
rCorr   .          Rampage  .   (no gloves)
Will    .....                   (no boots)
Stlth   +++.......              (no amulet)
HPRegen 0.08/turn               (no ring)
MPRegen 0.08/turn               (no ring)

@: no status effects
A: AC +4, unfitting armour, cold-blooded
a: no special abilities


You were on level 5 of the Dungeon.
You visited 1 branch of the dungeon, and saw 2 of its levels.

You collected 12 gold pieces.

Inventory:

Hand Weapons
 a - a +0 short sword (weapon)
Wands
 f - a wand of digging (3)
Scrolls
 b - a scroll of fog
 c - a scroll of magic mapping
 d - a scroll of fear
Potions
 e - a potion of haste


   Skills:
 + Level 3.4 Fighting
 + Level 2.2 Short Blades
 + Level 2.0 Dodging
 + Level 4.6 Stealth


You had one spell level left.
You didn't know any spells.
Your spell library contained the following spells:

 Spells                   Type           Power      Damage    Failure   Level
 Sandblast                Erth           0%         2d4       36%         1
 Passwall                 Tmut/Erth      0%         N/A       50%         2
 Stone Arrow              Conj/Erth      0%         3d7       75%         3


Dungeon Overview and Level Annotations

Branches:
Dungeon (5/15)
 Temple: D:4-7

Altars:


Innate Abilities, Weirdness & Mutations

Your plain brown scales are hard. (AC +4)
You cannot fit into any form of body armour.
You are cold-blooded and may be slowed by cold attacks.


Message History

You start resting.
HP restored.
You climb upwards.
The orc barely misses you. The orc hits you with a +0 whip.
The orc hits you but does no damage.
There is a stone staircase leading down here.
You completely miss the orc.
Your tail-slap misses the orc.
The orc barely misses you. The orc hits you with a +0 whip. The orc misses you.
The orc hits you with a +0 whip.
You climb downwards.
There is a stone staircase leading up here.
You barely miss the orc. The orc hits you with a +0 whip.
You hit the orc but do no damage.
Your tail-slap misses the orc.
The orc hits you but does no damage.
You closely miss the orc. The orc hits you with a +0 whip.
You barely miss the orc.
Your tail-slap misses the orc.
The orc hits you with a +0 whip.
* * * LOW HITPOINT WARNING * * *
You hit the orc but do no damage.
You tail-slap the orc, but do no damage.
The orc closely misses you.
You hit the orc.
The orc is heavily wounded.
The orc hits you with a +0 whip.
* * * LOW HITPOINT WARNING * * *
You closely miss the orc.
You tail-slap the orc, but do no damage.
The orc is heavily wounded.
The orc hits you with a +0 whip.
* * * LOW HITPOINT WARNING * * *
You hit the orc but do no damage.
You tail-slap the orc, but do no damage.
The orc is heavily wounded.
The orc barely misses you.
You hit the orc. You tail-slap the orc.
The orc is almost dead.
The orc hits you but does no damage.
You barely miss the orc.
The orc is almost dead.
The orc hits you with a +0 whip.
You die...

#.## #..# ##.#
#.### #.#.##
#######....####
..............+
###.###....####
#@#.## #o#.#
#o..# ##..#
#.####..#
#.......#
######.#######
#.......#
#.###.....


You could see 2 orcs.

Vanquished Creatures
  An adder (D:5)
  An orc (D:4)
2 creatures vanquished.

Notes
Turn   | Place    | Note
-------+----------+-------------------------------------------
     0 | D:5      | DocClef the Draconian Delver began the quest for the Orb.
     0 | D:5      | Reached XP level 1. HP: 19/19 MP: 1/1
    39 | D:5      | Reached XP level 2. HP: 7/26 MP: 2/2
   392 | D:5      | Noticed an ice beast
   393 | D:5      | Noticed a necrophage
   651 | D:5      | Slain by an orc

Illustrated notes

Levels and vault maps discovered:
D:4:      layout_loops_ring
D:5:      layout_loops_corners, uniq_edmund

Skill      XL: |  1 |
---------------+----+-----
Dodging        | 2 |  2.0
Fighting       | |  3.4
Short Blades   | |  2.2
Stealth        | |  4.6

Action                   || total
-------------------------++-------
Melee: Short sword       ||    33
       Tailslap          ||     7
Armor: Skin              ||     5
Dodge: Dodged            ||    17

Table legend: (Time is in decaauts)
 A = Elapsed time spent in this place.
 B = Non-inter-level travel time spent in this place.
 C = Inter-level travel time spent in this place.
 D = Time resting spent in this place.
 E = Time spent auto-exploring this place.
 F = Levels seen in this place.
 G = Mean time per level.
                   A        B        C        D        E       F      G
               +--------+--------+--------+--------+--------+-----+--------+
         Total |    652 |    644 |      8 |    528 |     51 |   2 |  326.0 |
       Dungeon |    652 |    644 |      8 |    528 |     51 |   2 |  326.0 |
               +--------+--------+--------+--------+--------+-----+--------+

Top non-repeatable levels by time:
     D:5: 615 daAuts
     D:4: 36 daAuts
